 Dungeon Crawl Stone Soup version 0.31-a0-692-gf03d1854d5 (webtiles) character file.

Game seed: 6189335770363360493

28506 qw the Skirmisher (level 13, -18/89 HPs)
             Began as a Gargoyle Hunter on Sept 6, 2023.
             Was an Elder of Okawaru.
             Demolished by Urug
             ... wielding a +1 vampiric double sword
              (25 damage)
             ... on level 5 of the Lair of Beasts.
             The game lasted 00:07:27 (13105 turns).

qw the Skirmisher (Gargoyle Hunter)                Turns: 13105, Time: 00:07:28

Health: -18/89     AC: 20    Str: 16    XL:     13   Next: 39%
Magic:  15/20      EV: 19    Int: 10    God:    Okawaru [****..]
Gold:   585        SH:  5    Dex: 17    Spells: 12/12 levels left

rFire   + . .        p - +0 shortbow (heavy)
rCold   . . .        (shield currently unavailable)
rNeg    + . .        j - +0 troll leather armour
rPois   inf          h - +2 hat
rElec   +            (no cloak)
rCorr   .            m - +1 pair of gloves
SInv    .            e - +1 pair of boots
Will    +....        n - amulet of reflection
Stlth   +++          f - ring of protection from fire
HPRegen 1.14/turn    d - ring of willpower
MPRegen 0.17/turn

%: reflection
@: about to teleport, heroic, finesse-ful
A: sickness immunity, AC +9, negative energy resistance 1, electricity
resistance, torment resistance 1, petrification resistance
a: Renounce Religion, Heroism, Finesse


You were on level 5 of the Lair of Beasts.
You worshipped Okawaru.
Okawaru was greatly pleased with you.
You visited 3 branches of the dungeon, and saw 14 of its levels.

You collected 618 gold pieces.
You spent 33 gold pieces at shops.


Innate Abilities, Weirdness & Mutations

You are immune to sickness and miasma.
Your stone body is resilient. (AC +9)
You are immune to poison.
You resist negative energy. (rN+)
You are resistant to electric shocks. (rElec)
You are resistant to unholy torment.
You are immune to petrification.


   Skills:
 + Level 13.8(18.8) Fighting
 - Level 14.0(19.0) Ranged Weapons
 - Level 5.0(10.0) Armour
 - Level 7.0(12.0) Dodging
 - Level 1.1(6.1) Stealth
 - Level 10.0 Invocations


You had 12 spell levels left.
You didn't know any spells.
Your spell library was empty.

Inventory:

Hand Weapons
 p - a +0 heavy shortbow (weapon)
Armour
 e - a +1 pair of boots (worn)
 h - a +2 hat (worn)
 j - a +0 troll leather armour (worn)
 l - the +0 helmet "Deriromi" {Harm rF- rCorr}
   (You found it on level 2 of the Dungeon)

   rF-:       It makes you vulnerable to fire.
   rCorr:     It protects you from acid and corrosion.
   Harm:      It increases damage dealt and taken.
 m - a +1 pair of gloves (worn)
Jewellery
 d - a ring of willpower (right hand)
 f - a ring of protection from fire (left hand)
 n - an amulet of reflection (around neck)
Scrolls
 c - 7 scrolls of identify
Potions
 a - 3 potions of enlightenment
 b - a potion of curing
 g - a potion of heal wounds
 k - a potion of mutation
 o - a potion of might
 q - a potion of haste

Dungeon Overview and Level Annotations

Branches:
Dungeon (8/15)             Temple (1/1) D:7            Lair (5/5) D:8
 Shoals (0/4) Lair:2        Snake (0/4) Lair:2
  Slime: Lair:4-5

Altars:
Ashenzari
Cheibriados
Dithmenos
Elyvilon
Fedhas
Hepliaklqana
Kikubaaqudgha
Makhleb
Nemelex Xobeh
Okawaru
Qazlal
Ru
Sif Muna
Trog
Uskayaw
Vehumet
Wu Jian
Xom
Yredelemnul
Zin
The Shining One

Shops:
D:1 (   D:2 !   D:4 [   D:5 (

Annotations:
Lair:5 Urug


Message History

You shoot an arrow. The arrow closely misses Urug.
You shoot an arrow. The arrow hits Urug.
Urug is moderately wounded.
You shoot an arrow. The arrow hits Urug but does no damage.
Urug is moderately wounded.
You shoot an arrow. The arrow hits Urug!
Urug is heavily wounded.
You feel like a meek peon again.
13098 ||| INVOKING Heroism.
You gain the combat prowess of a mighty hero.
A ynoxinul comes into view.
Urug howls with blood-lust.
Urug barely misses you.
You shoot an arrow. The arrow hits Urug.
Urug is heavily wounded.
Urug misses you.
You shoot an arrow. The arrow barely misses Urug.
You shoot an arrow. The arrow hits Urug!
Urug is severely wounded.
The blink frog barely misses you. Urug misses you.
You shoot an arrow. The arrow hits Urug but does no damage.
Urug is severely wounded.
The blink frog completely misses you.
You shoot an arrow. The arrow hits Urug!!
Urug is almost dead.
Urug hits you with a +1 vampiric double sword!
The blink frog closely misses you.
You shoot an arrow. The arrow closely misses Urug.
Urug hits you with a +1 vampiric double sword!!
The ynoxinul gestures.
13105 |||
Found retreat position at 1,1 (Urug; floor) with 0 blocking monsters and 3 monsters attacking at destination at distance 1
13105 ||| READING scroll of teleportation.
As you read the scroll of teleportation, it crumbles to dust.
You feel strangely unstable.
The blink frog hits you but does no damage.
The ufetubus hits you but does no damage.
The ufetubus closely misses you. The blink frog hits you.
The blink frog blinks!
Urug hits you with a +1 vampiric double sword!!
You die...
Urug screams, "Revenge at last!"

77...77
7....7
7....7
77..)77
77...F7
7.....7
7..77.%77
7.. 7.¤.7
7.7


77@57 .. 77o7 77 7737 7%.7 7.77 7o7 55. 5.557 7¤..77 You could see Urug, a blink
frog, a ynoxinul and an ufetubus (summoned).

Vanquished Creatures
  2 hydras
  2 catoblepae
  2 death yaks (Lair:3)
  A merfolk siren (Lair:2)
  A black mamba (Lair:5)
  12 cane toads
  A torpor snail (Lair:3)
  5 komodo dragons
  6 rime drakes
  2 hornets
  A troll (D:8)
  19 blink frogs
  2 wyverns
  A spriggan (Lair:5)
  Sigmund (D:6)
  25 yaks
  4 ynoxinuls (Lair:5)
  2 steam dragons
  6 basilisks
  A chaos spawn (Lair:5)
  2 hell hounds (Lair:4)
  9 water moccasins
  Duvessa (D:7)
  A black bear (Lair:2)
  5 ice beasts
  2 sky beasts
  An orc warrior (D:8)
  2 ogres
  28 wolves
  A phantom (D:7)
  3 kobold brigands
  6 bullfrogs
  A scorpion (D:3)
  11 wights
  Dowan (D:7)
  A killer bee (D:8)
  3 electric eels
  4 howler monkeys
  2 jellies
  10 hounds
  A gnoll bouda (D:6)
  2 orc priests
  3 iguanas
  3 orc wizards
  Natasha (twice) (D:2)
  10 small abominations (Lair:5)
  7 adders
  5 gnolls (D:6)
  A river rat (D:5)
  2 shadow imps (D:6)
  2 white imps (D:7)
  3 worms (D:5)
  19 orcs
  8 endoplasms
  7 hobgoblins
  5 quokkas
  8 ball pythons
  7 bats
  3 frilled lizards
  8 goblins
  19 kobolds
  7 rats
322 creatures vanquished.

Vanquished Creatures (others)
  A blink frog (Lair:5)
  An orc wizard (D:5)
2 creatures vanquished.

Grand Total: 324 creatures vanquished

Notes
Turn   | Place    | Note
-------+----------+-------------------------------------------
     0 | D:1      | qw the Gargoyle Hunter began the quest for the Orb.
     0 | D:1      | Reached XP level 1. HP: 12/12 MP: 1/1
     0 | D:1      | 0 ||| qw: Version: 0.3-a-76-g4403597
     0 | D:1      | 0 ||| qw: Game counter: 55
     0 | D:1      | 0 ||| qw: Melee chars always use a shield: true
     0 | D:1      | 0 ||| qw: God list: Okawaru
     0 | D:1      | 0 ||| qw: Allow faded altars: false
     0 | D:1      | 0 ||| qw: Do Orc after clearing Dungeon:15 true
     0 | D:1      | 0 ||| qw: Do second Lair branch before Depths: true
     0 | D:1      | 0 ||| qw: Lair rune preference: random
     0 | D:1      | 0 ||| qw: Goals: Normal
     0 | D:1      | 0 ||| PLANNING D:1-11
   210 | D:1      | Found Ulirumeb's Antique Weapon Emporium.
   256 | D:1      | Reached XP level 2. HP: 17/17 MP: 2/2
   574 | D:1      | 574 ||| UPGRADING to +1 pair of boots.
   579 | D:1      | 579 ||| UPGRADING to +2 hat.
   584 | D:1      | 584 ||| UPGRADING to ring of protection from fire.
   585 | D:1      | 585 ||| DRINKING 2 metallic blue potions.
   586 | D:1      | 586 ||| DRINKING 3 sedimented coppery potions.
   587 | D:1      | 587 ||| DROPPING scroll of butterflies.
   588 | D:1      | 588 ||| DROPPING potion of brilliance.
   700 | D:2      | Found Oseany's Distillery.
   714 | D:2      | 714 ||| BUYING potion of curing (33 gold).
   714 | D:2      | Bought a potion of curing for 33 gold pieces
   714 | D:2      | 714 ||| SHOPLISTING potion of curing (33 gold, have 26).
   714 | D:2      | 714 ||| SHOPLISTING potion of enlightenment (55 gold, have
                  | 26).
   714 | D:2      | 714 ||| SHOPLISTING potion of haste (110 gold, have 26).
   714 | D:2      | 714 ||| SHOPLISTING potion of heal wounds (55 gold, have
                  | 26).
   912 | D:2      | Noticed Natasha
   918 | D:2      | Killed Natasha
   919 | D:2      | Reached skill level 5 in Ranged Weapons
   919 | D:2      | Reached XP level 3. HP: 21/21 MP: 3/3
  1023 | D:2      | Identified the +0 helmet "Deriromi" {Harm rF- rCorr}
  1061 | D:2      | Noticed Natasha
  1066 | D:2      | Killed Natasha
  1067 | D:2      | Reached skill level 3 in Fighting
  1067 | D:2      | Reached XP level 4. HP: 22/28 MP: 4/4
  1359 | D:2      | 1359 ||| UPGRADING to +0 ring mail.
  1369 | D:2      | 1369 ||| DROPPING +0 leather armour.
  1370 | D:2      | 1370 ||| READING scroll labelled SUCLEOSITE.
  1371 | D:2      | 1371 ||| READING 3 scrolls labelled NACA WEORCHETYC.
  1372 | D:2      | 1372 ||| DROPPING 2 scrolls of noise.
  1540 | D:3      | Reached skill level 1 in Armour
  1852 | D:3      | Noticed a scorpion
  1864 | D:3      | Killed a scorpion
  1865 | D:3      | Reached skill level 6 in Ranged Weapons
  1865 | D:3      | Reached XP level 5. HP: 12/32 MP: 5/5
  2208 | D:4      | 2208 ||| FLEEEEING.
  2209 | D:4      | 2209 ||| FLEEEEING.
  2210 | D:4      | 2210 ||| FLEEEEING.
  2211 | D:4      | 2211 ||| FLEEEEING.
  2212 | D:4      | 2212 ||| FLEEEEING.
  2213 | D:4      | 2213 ||| FLEEEEING.
  2214 | D:4      | 2214 ||| FLEEEEING.
  2215 | D:4      | 2215 ||| FLEEEEING.
  2216 | D:4      | 2216 ||| FLEEEEING.
  2221 | D:4      | 2221 ||| DRINKING 2 potions of curing.
  2221 | D:4      | 2221 ||| (to cure confusion)
  2225 | D:4      | 2225 ||| FLEEEEING.
  2226 | D:4      | 2226 ||| FLEEEEING.
  2229 | D:4      | 2229 ||| DRINKING potion of curing.
  2229 | D:4      | 2229 ||| (to cure confusion)
  2248 | D:4      | Reached XP level 6. HP: 38/38 MP: 6/6
  2271 | D:4      | Noticed a sky beast
  2300 | D:4      | Killed a sky beast
  2343 | D:4      | Identified the +8 trident of Ru, Blushing {antimagic, rF+}
  2573 | D:4      | Found Pauvo's Armour Boutique.
  2578 | D:4      | 2578 ||| SHOPLISTING +2 pair of gloves of hurling (279
                  | gold, have 112).
  2695 | D:4      | Found an ornate altar of the Wu Jian Council.
  2832 | D:4      | 2832 ||| UPGRADING to amulet of reflection.
  2837 | D:4      | 2837 ||| UPGRADING to ring of willpower.
  2838 | D:4      | 2838 ||| READING 2 scrolls labelled CUVEVO HOSY.
  2839 | D:4      | 2839 ||| READING scroll labelled XEH FUJOIRUIKASU.
  2844 | D:4      | 2844 ||| READING scroll labelled POAGIEL BORI.
  2845 | D:4      | 2845 ||| DRINKING 2 viscous golden potions.
  2949 | D:4      | 2949 ||| DROPPING potion of berserk rage.
  2959 | D:5      | Entered Level 5 of the Dungeon
  2960 | D:5      | 2960 ||| PLANNING SEWER
  3104 | D:5      | Reached skill level 7 in Ranged Weapons
  3202 | D:5      | Reached XP level 7. HP: 43/43 MP: 7/7
  3268 | D:5      | Found Suicoise's Antique Weapon Shoppe.
  3469 | D:5      | Found a shimmering blue altar of Sif Muna.
  3672 | D:5      | 3672 ||| RIP SEWER
  3676 | D:5      | 3676 ||| PLANNING D:1-11
  3910 | D:5      | 3910 ||| UPGRADING to +0 pair of gloves.
  3915 | D:5      | 3915 ||| READING 2 scrolls of identify.
  3915 | D:5      | 3915 ||| IDENTIFYING fizzy yellow potion
  3916 | D:5      | 3916 ||| DROPPING potion of lignification.
  4026 | D:6      | Found a hazy altar of Hepliaklqana.
  4042 | D:6      | Noticed Sigmund
  4048 | D:6      | Killed Sigmund
  4049 | D:6      | Reached skill level 3 in Armour
  4078 | D:6      | Reached skill level 8 in Ranged Weapons
  4078 | D:6      | Reached XP level 8. HP: 38/48 MP: 8/8
  4199 | D:6      | 4199 ||| Stepping ~*~*~tactically~*~*~ (retreating).
  4203 | D:6      | 4203 ||| Stepping ~*~*~tactically~*~*~ (retreating).
  4467 | D:6      | 4467 ||| Stepping ~*~*~tactically~*~*~ (outnumbered).
  4469 | D:6      | 4469 ||| Stepping ~*~*~tactically~*~*~ (outnumbered).
  4472 | D:6      | 4472 ||| Stepping ~*~*~tactically~*~*~ (outnumbered).
  4581 | D:6      | Found a glowing golden altar of the Shining One.
  4584 | D:6      | Found a shimmering altar of Xom.
  4645 | D:6      | Found a blossoming altar of Fedhas.
  4650 | D:6      | Found a shadowy altar of Dithmenos.
  4900 | D:6      | 4900 ||| READING scroll labelled JUICLO AMNU.
  4907 | D:6      | 4907 ||| READING 2 scrolls of identify.
  4907 | D:6      | 4907 ||| IDENTIFYING ruby potion
  4908 | D:6      | 4908 ||| DROPPING potion of magic.
  4956 | D:6      | Reached skill level 9 in Ranged Weapons
  5272 | D:6      | 5272 ||| READING scroll labelled XEFRUSCHA PAOWISIU.
  5340 | D:7      | Reached skill level 6 in Fighting
  5601 | D:7      | Found a staircase to the Ecumenical Temple.
  5602 | D:7      | 5602 ||| PLANNING TEMPLE
  5604 | D:7      | Noticed a hornet
  5626 | D:7      | Killed a hornet
  5627 | D:7      | Reached skill level 10 in Ranged Weapons
  5627 | D:7      | Reached XP level 9. HP: 31/55 MP: 9/9
  5714 | Temple   | Entered the Ecumenical Temple
  5715 | Temple   | 5715 ||| PLANNING OKAWARU WORSHIP
  5745 | Temple   | Became a worshipper of Warmaster Okawaru
  5746 | Temple   | 5746 ||| PLANNING D:1-11
  6003 | D:7      | Found a radiant altar of Vehumet.
  6046 | D:7      | Noticed Dowan
  6047 | D:7      | Noticed Duvessa
  6059 | D:7      | Killed Duvessa
  6063 | D:7      | Killed Dowan
  6098 | D:7      | Found a bloodstained altar of Trog.
  6102 | D:7      | 6102 ||| Stepping ~*~*~tactically~*~*~ (outnumbered).
  6104 | D:7      | 6104 ||| Stepping ~*~*~tactically~*~*~ (outnumbered).
  6112 | D:7      | 6112 ||| Stepping ~*~*~tactically~*~*~ (outnumbered).
  6118 | D:7      | 6118 ||| Stepping ~*~*~tactically~*~*~ (outnumbered).
  6363 | D:7      | Reached * piety under Okawaru
  6399 | D:7      | Found a burning altar of Makhleb.
  6415 | D:7      | Reached skill level 11 in Ranged Weapons
  6415 | D:7      | Reached skill level 1 in Invocations
  6526 | D:7      | 6526 ||| READING 4 scrolls of identify.
  6526 | D:7      | 6526 ||| IDENTIFYING metallic orange potion
  6527 | D:7      | 6527 ||| READING 3 scrolls of identify.
  6527 | D:7      | 6527 ||| IDENTIFYING fuming red potion
  6528 | D:7      | 6528 ||| READING 2 scrolls of identify.
  6528 | D:7      | 6528 ||| IDENTIFYING glowing green potion
  6529 | D:7      | 6529 ||| DROPPING potion of attraction.
  6866 | D:8      | 6866 ||| INVOKING Heroism.
  6999 | D:8      | 6999 ||| Stepping ~*~*~tactically~*~*~ (outnumbered).
  7000 | D:8      | 7000 ||| INVOKING Heroism.
  7035 | D:8      | Reached skill level 3 in Dodging
  7050 | D:8      | 7050 ||| Stepping ~*~*~tactically~*~*~ (retreating).
  7051 | D:8      | 7051 ||| Stepping ~*~*~tactically~*~*~ (retreating).
  7052 | D:8      | 7052 ||| Stepping ~*~*~tactically~*~*~ (retreating).
  7057 | D:8      | 7057 ||| INVOKING Heroism.
  7074 | D:8      | 7074 ||| FLEEEEING.
  7088 | D:8      | 7088 ||| FLEEEEING.
  7089 | D:8      | 7089 ||| FLEEEEING.
  7092 | D:8      | 7092 ||| FLEEEEING.
  7093 | D:8      | 7093 ||| FLEEEEING.
  7094 | D:8      | 7094 ||| FLEEEEING.
  7095 | D:8      | 7095 ||| FLEEEEING.
  7098 | D:8      | 7098 ||| FLEEEEING.
  7099 | D:8      | 7099 ||| STAIRDANCE
  7181 | D:8      | 7181 ||| STAIRDANCE
  7247 | D:8      | Reached skill level 3 in Invocations
  7290 | D:8      | 7290 ||| Stepping ~*~*~tactically~*~*~ (outnumbered).
  7317 | D:8      | Reached XP level 10. HP: 58/64 MP: 12/12
  7350 | D:8      | 7350 ||| INVOKING Heroism.
  7370 | D:8      | 7370 ||| FLEEEEING.
  7402 | D:8      | 7402 ||| FLEEEEING.
  7452 | D:8      | 7452 ||| INVOKING Heroism.
  7504 | D:8      | 7504 ||| FLEEEEING.
  7505 | D:8      | 7505 ||| FLEEEEING.
  7506 | D:8      | 7506 ||| FLEEEEING.
  7554 | D:8      | 7554 ||| INVOKING Heroism.
  7593 | D:8      | Found a staircase to the Lair.
  7884 | D:8      | Reached skill level 12 in Ranged Weapons
  7942 | D:8      | 7942 ||| INVOKING Heroism.
  8202 | D:8      | 8202 ||| PLANNING LAIR
  8202 | D:8      | 8202 ||| UPGRADING to +0 troll leather armour.
  8212 | D:8      | 8212 ||| DROPPING +0 ring mail.
  8213 | D:8      | 8213 ||| READING scroll labelled LOGARI NYUBUCK.
  8214 | D:8      | 8214 ||| READING 3 scrolls of identify.
  8214 | D:8      | 8214 ||| IDENTIFYING smoky brown potion
  8223 | Lair:1   | Entered Level 1 of the Lair of Beasts
  8231 | Lair:1   | 8231 ||| INVOKING Heroism.
  8275 | Lair:1   | Noticed a cane toad
  8276 | Lair:1   | 8276 ||| INVOKING Heroism.
  8280 | Lair:1   | Killed a cane toad
  8347 | Lair:1   | 8347 ||| INVOKING Heroism.
  8379 | Lair:1   | 8379 ||| READING scroll of brand weapon.
  8379 | Lair:1   | 8379 ||| BRANDING +0 shortbow of electrocution.
  8417 | Lair:1   | Noticed a cane toad
  8418 | Lair:1   | 8418 ||| INVOKING Heroism.
  8422 | Lair:1   | Killed a cane toad
  8503 | Lair:1   | 8503 ||| INVOKING Heroism.
  8505 | Lair:1   | Reached skill level 13 in Ranged Weapons
  8511 | Lair:1   | Reached XP level 11. HP: 58/69 MP: 12/14
  8543 | Lair:1   | 8543 ||| RETREATING.
  8546 | Lair:1   | 8546 ||| Stepping ~*~*~tactically~*~*~ (retreating).
  8547 | Lair:1   | 8547 ||| Stepping ~*~*~tactically~*~*~ (retreating).
  8548 | Lair:1   | 8548 ||| Stepping ~*~*~tactically~*~*~ (retreating).
  8549 | Lair:1   | 8549 ||| Stepping ~*~*~tactically~*~*~ (retreating).
  8560 | Lair:1   | Reached ** piety under Okawaru
  8561 | Lair:1   | Reached skill level 9 in Fighting
  8577 | Lair:1   | 8577 ||| RETREATING.
  8647 | Lair:1   | Noticed a catoblepas
  8648 | Lair:1   | 8648 ||| RETREATING.
  8651 | Lair:1   | 8651 ||| INVOKING Heroism.
  8661 | Lair:1   | Killed a catoblepas
  8721 | Lair:1   | 8721 ||| Stepping ~*~*~tactically~*~*~ (retreating).
  8724 | Lair:1   | 8724 ||| INVOKING Heroism.
  8728 | Lair:1   | HP: 12/71 [wyvern (10)]
  8729 | Lair:1   | 8729 ||| READING 2 scrolls of teleportation.
  8730 | Lair:1   | 8730 ||| DRINKING 2 potions of heal wounds.
  8736 | Lair:1   | Reached skill level 14 in Ranged Weapons
  8789 | Lair:1   | Found a frozen archway.
  8848 | Lair:1   | 8848 ||| INVOKING Heroism.
  8854 | Lair:1   | 8854 ||| Stepping ~*~*~tactically~*~*~ (retreating).
  8855 | Lair:1   | 8855 ||| Stepping ~*~*~tactically~*~*~ (retreating).
  8858 | Lair:1   | 8858 ||| RETREATING.
  8864 | Lair:1   | 8864 ||| INVOKING Heroism.
  8865 | Lair:1   | 8865 ||| Stepping ~*~*~tactically~*~*~ (outnumbered).
  8870 | Lair:1   | Reached *** piety under Okawaru
  8911 | Lair:1   | 8911 ||| INVOKING Heroism.
  9033 | Lair:1   | 9033 ||| RETREATING.
  9644 | Lair:2   | Found a staircase to the Shoals.
  9680 | Lair:2   | 9680 ||| INVOKING Heroism.
  9682 | Lair:2   | 9682 ||| Stepping ~*~*~tactically~*~*~ (outnumbered).
  9700 | Lair:2   | 9700 ||| RETREATING.
  9747 | Lair:2   | 9747 ||| INVOKING Heroism.
  9819 | Lair:2   | 9819 ||| INVOKING Heroism.
  9830 | Lair:2   | 9830 ||| DROPPING amulet of the acrobat.
  9840 | Lair:2   | 9840 ||| INVOKING Heroism.
  9866 | Lair:2   | 9866 ||| RETREATING.
  9908 | Lair:2   | Found a staircase to the Snake Pit.
  9919 | Lair:2   | Noticed a seven-headed hydra
  9920 | Lair:2   | 9920 ||| INVOKING Heroism.
  9925 | Lair:2   | Killed a seven-headed hydra
  9925 | Lair:2   | Reached **** piety under Okawaru
  9926 | Lair:2   | Reached skill level 6 in Dodging
  9926 | Lair:2   | Reached XP level 12. HP: 74/80 MP: 12/15
  9992 | Lair:2   | 9992 ||| RETREATING.
  9997 | Lair:2   | 9997 ||| Stepping ~*~*~tactically~*~*~ (retreating).
  9999 | Lair:2   | 9999 ||| Stepping ~*~*~tactically~*~*~ (retreating).
 10480 | Lair:3   | 10480 ||| STAIRDANCE
 10491 | Lair:3   | 10491 ||| STAIRDANCE
 10535 | Lair:3   | Noticed a death yak
 10535 | Lair:3   | Noticed a death yak
 10536 | Lair:3   | 10536 ||| RETREATING.
 10538 | Lair:3   | 10538 ||| RETREATING.
 10540 | Lair:3   | 10540 ||| RETREATING.
 10542 | Lair:3   | 10542 ||| INVOKING Heroism.
 10549 | Lair:3   | Killed a death yak
 10571 | Lair:3   | Killed a death yak
 10574 | Lair:3   | Reached skill level 6 in Invocations
 10691 | Lair:3   | 10691 ||| RETREATING.
 10697 | Lair:3   | 10697 ||| INVOKING Heroism.
 10698 | Lair:3   | 10698 ||| Stepping ~*~*~tactically~*~*~ (retreating).
 10700 | Lair:3   | 10700 ||| Stepping ~*~*~tactically~*~*~ (retreating).
 10701 | Lair:3   | 10701 ||| Stepping ~*~*~tactically~*~*~ (retreating).
 10702 | Lair:3   | 10702 ||| Stepping ~*~*~tactically~*~*~ (retreating).
 10703 | Lair:3   | 10703 ||| Stepping ~*~*~tactically~*~*~ (retreating).
 10704 | Lair:3   | 10704 ||| Stepping ~*~*~tactically~*~*~ (retreating).
 10705 | Lair:3   | 10705 ||| Stepping ~*~*~tactically~*~*~ (retreating).
 10711 | Lair:3   | Reached skill level 12 in Fighting
 10712 | Lair:3   | 10712 ||| INVOKING Heroism.
 10717 | Lair:3   | 10717 ||| Stepping ~*~*~tactically~*~*~ (outnumbered).
 10739 | Lair:3   | Reached ***** piety under Okawaru
 10856 | Lair:3   | 10856 ||| INVOKING Heroism.
 11057 | Lair:3   | Identified the scarf of Xuby {harm, rElec}
 11063 | Lair:3   | 11063 ||| INVOKING Heroism.
 11114 | Lair:3   | 11114 ||| INVOKING Heroism.
 11345 | Lair:3   | 11345 ||| DROPPING scarf of Xuby {harm, rElec}.
 11615 | Lair:4   | 11615 ||| RETREATING.
 11617 | Lair:4   | 11617 ||| FLEEEEING.
 11618 | Lair:4   | 11618 ||| FLEEEEING.
 11619 | Lair:4   | 11619 ||| FLEEEEING.
 11623 | Lair:4   | 11623 ||| FLEEEEING.
 11624 | Lair:4   | 11624 ||| FLEEEEING.
 11625 | Lair:4   | 11625 ||| FLEEEEING.
 11626 | Lair:4   | 11626 ||| FLEEEEING.
 11627 | Lair:4   | 11627 ||| FLEEEEING.
 11628 | Lair:4   | 11628 ||| FLEEEEING.
 11629 | Lair:4   | 11629 ||| FLEEEEING.
 11630 | Lair:4   | 11630 ||| FLEEEEING.
 11631 | Lair:4   | 11631 ||| FLEEEEING.
 11632 | Lair:4   | 11632 ||| FLEEEEING.
 11633 | Lair:4   | 11633 ||| FLEEEEING.
 11634 | Lair:4   | 11634 ||| FLEEEEING.
 11635 | Lair:4   | 11635 ||| FLEEEEING.
 11636 | Lair:4   | 11636 ||| FLEEEEING.
 11637 | Lair:4   | 11637 ||| FLEEEEING.
 11638 | Lair:4   | 11638 ||| FLEEEEING.
 11639 | Lair:4   | 11639 ||| FLEEEEING.
 11640 | Lair:4   | 11640 ||| FLEEEEING.
 11641 | Lair:4   | 11641 ||| STAIRDANCE
 11643 | Lair:3   | 11643 ||| DRINKING 2 inky potions.
 11644 | Lair:3   | 11644 ||| READING 5 scrolls of identify.
 11644 | Lair:3   | 11644 ||| IDENTIFYING black potion
 11645 | Lair:3   | 11645 ||| DROPPING potion of ambrosia.
 11648 | Lair:4   | 11648 ||| STAIRDANCE
 11690 | Lair:4   | 11690 ||| Stepping ~*~*~tactically~*~*~ (retreating).
 11691 | Lair:4   | 11691 ||| Stepping ~*~*~tactically~*~*~ (retreating).
 11693 | Lair:4   | 11693 ||| INVOKING Heroism.
 11749 | Lair:4   | 11749 ||| RETREATING.
 11751 | Lair:4   | 11751 ||| Stepping ~*~*~tactically~*~*~ (retreating).
 11752 | Lair:4   | 11752 ||| Stepping ~*~*~tactically~*~*~ (retreating).
 11755 | Lair:4   | 11755 ||| Stepping ~*~*~tactically~*~*~ (retreating).
 11756 | Lair:4   | 11756 ||| Stepping ~*~*~tactically~*~*~ (retreating).
 11779 | Lair:4   | 11779 ||| INVOKING Heroism.
 11813 | Lair:4   | Noticed a four-headed hydra
 11817 | Lair:4   | 11817 ||| INVOKING Heroism.
 11820 | Lair:4   | Killed a four-headed hydra
 11909 | Lair:4   | Found a dark tunnel.
 11965 | Lair:4   | Reached XP level 13. HP: 88/88 MP: 19/19
 12449 | Lair:4   | 12449 ||| READING scroll labelled PIQORUNLUATI.
 12466 | Lair:4   | 12466 ||| READING scroll labelled ZIR XUDUA.
 12485 | Lair:5   | Entered Level 5 of the Lair of Beasts
 12501 | Lair:5   | Reached skill level 9 in Invocations
 12513 | Lair:5   | 12513 ||| Stepping ~*~*~tactically~*~*~ (retreating).
 12525 | Lair:5   | 12525 ||| INVOKING Heroism.
 12614 | Lair:5   | 12614 ||| INVOKING Heroism.
 12673 | Lair:5   | 12673 ||| INVOKING Heroism.
 12674 | Lair:5   | 12674 ||| INVOKING Finesse.
 12728 | Lair:5   | 12728 ||| READING scroll of enchant armour.
 12728 | Lair:5   | 12728 ||| ENCHANTING +0 pair of gloves.
 12748 | Lair:5   | 12748 ||| INVOKING Heroism.
 12779 | Lair:5   | 12779 ||| RETREATING.
 12787 | Lair:5   | 12787 ||| FLEEEEING.
 12788 | Lair:5   | 12788 ||| FLEEEEING.
 12789 | Lair:5   | 12789 ||| FLEEEEING.
 12790 | Lair:5   | 12790 ||| FLEEEEING.
 12795 | Lair:5   | 12795 ||| INVOKING Heroism.
 12814 | Lair:5   | 12814 ||| Stepping ~*~*~tactically~*~*~ (retreating).
 12816 | Lair:5   | 12816 ||| Stepping ~*~*~tactically~*~*~ (retreating).
 12817 | Lair:5   | 12817 ||| Stepping ~*~*~tactically~*~*~ (retreating).
 12823 | Lair:5   | 12823 ||| INVOKING Heroism.
 12866 | Lair:5   | 12866 ||| INVOKING Heroism.
 12915 | Lair:5   | 12915 ||| INVOKING Heroism.
 12916 | Lair:5   | 12916 ||| RETREATING.
 13040 | Lair:5   | 13040 ||| Stepping ~*~*~tactically~*~*~ (retreating).
 13072 | Lair:5   | 13072 ||| INVOKING Heroism.
 13080 | Lair:5   | 13080 ||| Stepping ~*~*~tactically~*~*~ (retreating).
 13081 | Lair:5   | 13081 ||| Stepping ~*~*~tactically~*~*~ (retreating).
 13082 | Lair:5   | Noticed Urug
 13082 | Lair:5   | 13082 ||| Stepping ~*~*~tactically~*~*~ (retreating).
 13084 | Lair:5   | 13084 ||| INVOKING Finesse.
 13085 | Lair:5   | 13085 ||| Stepping ~*~*~tactically~*~*~ (outnumbered).
 13098 | Lair:5   | 13098 ||| INVOKING Heroism.
 13104 | Lair:5   | HP: 12/89 [Urug/+1 vampiric double sword (23)]
 13105 | Lair:5   | 13105 ||| READING scroll of teleportation.
 13105 | Lair:5   | Demolished by Urug

Levels and vault maps discovered:
D:1:      wheals_arrival_linesprint, layout_basic, serial_shops,
          nicolae_shop_tiny_statue_garden
D:2:      layout_loops_ring, serial_shops, shop, uniq_natasha
D:3:      layout_loops_ring
D:4:      layout_cave_pods, pdpol_wu_jian_five_deadly_venoms, serial_shops, shop
D:5:      layout_basic, led_sif_book, lightli_sewer_entry_pipes, serial_shops,
          nicolae_shop_hallway_stairs
D:6:      layout_loops_ring, nicolae_overflow_hidden_temple,
          mainiacjoe_overflow_catwalk_spiral, serial_co_window_serial,
          co_window_paths_a, co_window_of_opportunity_a, co_window_corner_a,
          co_window_paths_a, co_window_of_opportunity_a, co_window_paths_c,
          co_window_broadway_b, co_window_of_opportunity_b, co_window_4corner_b,
          co_window_paths_d, glass_columns_b, glass_columns_a, glass_columns_b,
          uniq_sigmund
D:7:      nicolae_BIG_FREAKIN_CUBE, layout_loops_ring, vehumet_crystals,
          trog_hazing_becter, mainiacjoe_overflow_paths,
          minmay_temple_entry_junction_2, roderic_serpentine_path, uniq_duvessa
D:8:      layout_basic, erik_lair_island, st_stairs_3
Temple:   grunt_temple_mini_profane
Lair:1:   layout_regular_city, portal_ice_cave_entry_pillars_2, serial_rivers,
          chequers_serial_rivers_micro_a, chequers_serial_rivers_large_a,
          chequers_serial_rivers_micro_e, chequers_serial_rivers_large_b
Lair:2:   layout_gridlike, minmay_shoals_entry_lonely_mermaid,
          dummy_snake_entry, chequers_serial_rivers_micro_c,
          infiniplex_staircase_pool
Lair:3:   layout_cellular_growth, grunt_megastairs_4
Lair:4:   layout_cave_pods, enter_volcano_3, chequers_serial_rivers_marsh
Lair:5:   hellmonk_lair_end_abyssal_woods, layout_cave_shapes, slime_entry_1,
          lemuel_fruit_tree, grunt_megastairs_1, uniq_urug

Skill      XL: |  1  2  3  4  5  6  7  8  9 10 11 12 13 |
---------------+----------------------------------------+-----
Ranged Weapons | 5 6 7 8 10 11 13 14 | 14.0
Fighting       | 3 4 6 8 11 13 | 13.8
Armour         | 1 3 4 5 |  5.0
Dodging        | 2 3 4 6 7 |  7.0
Invocations    | 3 4 8 10 | 10.0
Stealth        | |  1.1

Action                     |  1- 3 |  4- 6 |  7- 9 | 10-12 | 13-15 || total
---------------------------+-------+-------+-------+-------+-------++-------
   Fire: Shortbow          |    70 |   193 |   626 |   708 |   247 ||  1844
 Invoke: Heroism           |       |       |     3 |    28 |    10 ||    41
         Finesse           |       |       |       |       |     2 ||     2
    Use: Potion            |     2 |     3 |       |     2 |       ||     7
         Scroll            |       |     5 |     7 |     5 |     4 ||    21
 Armour: Leather armour    |    18 |     5 |       |       |       ||    23
         Ring mail         |       |    83 |   307 |    41 |       ||   431
         Troll leather arm |       |       |       |   221 |   103 ||   324
  Dodge: Dodged            |    30 |    44 |   207 |   261 |   184 ||   726
  Block: Other             |       |     5 |    81 |    91 |    50 ||   227
         Reflection        |       |       |     1 |     1 |       ||     2

Table legend:
 A = Non-vault XP
 B = Vault XP
 C = Vault XP percentage of total XP
 D = Non-vault monster count
 E = Vault monster count
 F = Vault count percentage of total count
                 A         B        C        D         E       F
            +---------+---------+-------+---------+---------+-------
      Total |   30171 |   10552 |  25.9 |     252 |      72 |  22.2
            +---------+---------+-------+---------+---------+-------
        D:1 |      23 |       0 |   0.0 |      18 |       0 |   0.0
        D:2 |      70 |      35 |  33.3 |      14 |       1 |   6.7
        D:3 |     108 |       0 |   0.0 |      12 |       0 |   0.0
        D:4 |     239 |       0 |   0.0 |      16 |       0 |   0.0
        D:5 |     242 |     117 |  32.6 |       9 |      12 |  57.1
        D:6 |     759 |     214 |  22.0 |      24 |       1 |   4.0
        D:7 |    1771 |     221 |  11.1 |      20 |       8 |  28.6
        D:8 |    1459 |    1042 |  41.7 |      34 |      11 |  24.4
     Lair:1 |    8403 |       0 |   0.0 |      36 |       0 |   0.0
     Lair:2 |    4656 |     847 |  15.4 |      22 |       2 |   8.3
     Lair:3 |    4212 |    2370 |  36.0 |      15 |       5 |  25.0
     Lair:4 |    4955 |     293 |   5.6 |      18 |       2 |  10.0
     Lair:5 |    3274 |    5413 |  62.3 |      14 |      30 |  68.2
            +---------+---------+-------+---------+---------+-------
